 Dungeon Crawl Stone Soup version 0.28-a0-445-g51f8dfeb47 (webtiles) character file.

Game seed: 4335844320896438168

7696 Conn the Arsonist (level 11, -5/75 HPs)
             Began as an Octopode Fire Elementalist on Sept 13, 2021.
             Was a Follower of Sif Muna.
             Slain by an orc knight (34 damage)
             ... in a bailey.
             The game lasted 00:23:49 (9492 turns).

Conn the Arsonist (Octopode Fire Elementalist)      Turns: 9492, Time: 00:23:50

Health: -5/75      AC:  1    Str: 12    XL:     11   Next: 19%
Magic:  2/19       EV: 14    Int: 25    God:    Sif Muna [*.....]
Gold:   569        SH:  0    Dex: 12    Spells: 10/21 levels left

rFire   . . .      SeeInvis .   r - +6 spear "Kilukh" {protect, Str+5 Int+3}
rCold   . . .      Faith    .   (no shield)
rNeg    . . .      Spirit   .   (helmet restricted)
rPois   .          Reflect  .   (no amulet)
rElec   .          Harm     .   (no ring)
rCorr   .          Rampage  .   (no ring)
Will    .....                   (no ring)
Stlth   ++++......              (no ring)
HPRegen 0.22/turn               (no ring)
MPRegen 0.16/turn               (no ring)
                                (no ring)
                                (no ring)

@: no status effects
A: almost no armour, amphibious, 8 rings, camouflage 1, gelatinous body 1,
(nimble swimmer 1), tentacles
a: Renounce Religion, Channel Magic


You were in a bailey.
You worshipped Sif Muna.
Sif Muna was aware of your devotion.
You visited 2 branches of the dungeon, and saw 8 of its levels.
You also visited: Sewer and Bailey.

You collected 569 gold pieces.

Inventory:

Hand Weapons
 b - a +0 dagger
 g - a +0 dagger of venom
 k - a +2 dagger of flaming
 r - the +6 spear "Kilukh" (weapon) {protect, Str+5 Int+3}
   (You found it on level 4 of the Dungeon)

   It grants its wielder temporary protection when it strikes (+7 to AC).
   Str:       It affects your strength (+5).
   Int:       It affects your intelligence (+3).
Missiles
 j - 22 poisoned darts
 t - 3 throwing nets
Wands
 z - a wand of charming (5)
 A - a wand of iceblast (3)
Scrolls
 a - 2 scrolls of vulnerability
 p - a scroll of magic mapping
 u - a scroll of amnesia
 y - a scroll of enchant armour
Potions
 d - a potion of degeneration
 e - 3 potions of magic
 f - a potion of might
 h - 3 potions of flight
 i - 5 potions of lignification
 l - 5 potions of curing
 m - 5 potions of heal wounds
 n - a potion of haste {unknown}
 o - a potion of berserk rage
 s - 2 potions of cancellation
 v - a potion of mutation
 B - a potion of attraction {unknown}
 C - a potion of resistance {unknown}


   Skills:
 * Level 7.2 Fighting
 + Level 7.9 Polearms
 + Level 3.9 Dodging
 + Level 6.1 Stealth
 + Level 0.4 Unarmed Combat
 + Level 5.7 Spellcasting
 + Level 4.3 Conjurations
 - Level 4.0 Hexes
 * Level 8.3 Fire Magic
 * Level 6.4 Invocations


You had 10 spell levels left.
You knew the following spells:

 Your Spells              Type           Power      Damage    Failure   Level
a - Foxfire               Conj/Fire      100%       2x1d9     1%          1
b - Conjure Flame         Conj/Fire      38%        6-21      1%          3
c - Inner Flame           Hex/Fire       38%        N/A       1%          3
d - Flame Wave            Conj/Fire      38%        3d8       5%          4

Your spell library contained the following spells:

 Spells                   Type           Power      Damage    Failure   Level
 Scorch                   Fire           96%        2d10      1%          2
 Corpse Rot               Necr/Air       N/A        N/A       12%         2
 Poisonous Vapours        Pois/Air       14%        N/A       12%         2
 Freezing Cloud           Conj/Ice/Air   7%         6-21      75%         5
 Simulacrum               Ice/Necr       3%         N/A       100%        6
 Polar Vortex             Ice            3%         N/A       100%        9


Dungeon Overview and Level Annotations

Branches:
Dungeon (7/15)             Temple (1/1) D:7           Sewer (visited)
 Bailey (1/1)

Altars:
Cheibriados
Dithmenos
Makhleb
Nemelex Xobeh
Okawaru
Sif Muna
Trog
Vehumet
Xom
Yredelemnul
Zin

Shops:
D:1 *


Innate Abilities, Weirdness & Mutations

You cannot wear most types of armour.
You are amphibious.
You can wear up to eight rings at the same time.
Your skin changes colour to match your surroundings (Stealth+).
Your rubbery body absorbs attacks. (AC +1, EV +1)
((You are camouflaged near water. (Stealth+)))
You have tentacles for arms and can constrict up to eight enemies at once.


Message History

The orc knight dies!
Sif Muna accepts your kill.
Your foxfire dissipates! 2 orc knights come into view.
Found a gate leading back out of this place.
The foxfire hits the orc knight but does no damage.
The orc knight shouts! x2
Casting: Foxfire (safe; 1% risk of failure)
Confirm with . or Enter, or press ? or * to list all spells.
Aiming: Inner Flame (safe; 1% risk of failure)
Press: ? - help, Shift-Dir - straight line, f - orc knight, p - orc knight
Aim: an orc knight, wielding a +0 glaive and wearing a +0 chain mail (chance to affect: 78%)
The orc knight is filled with an inner flame.
Unknown command.
Casting: Inner Flame (safe; 1% risk of failure)
Confirm with . or Enter, or press ? or * to list all spells.
You conjure some foxfire!
Unknown command.
Casting: Foxfire (safe; 1% risk of failure)
Confirm with . or Enter, or press ? or * to list all spells.
You conjure some foxfire!
The foxfire hits the orc knight.
Flame seeps out of the orc knight.
The orc knight is lightly wounded.
The foxfire hits the orc knight but does no damage.
The orc knight is lightly wounded.
Your orc knight hits the orc knight from afar with a +0 trident!
The orc knight is engulfed in blazing flames.
Flame seeps out of the orc knight.
Casting: Foxfire (safe; 1% risk of failure)
Confirm with . or Enter, or press ? or * to list all spells.
You conjure some foxfire!
The foxfire hits the orc knight!
Flame seeps out of the orc knight.
The orc knight is moderately wounded.
The foxfire hits the orc knight but does no damage.
The orc knight is moderately wounded.
Your orc knight hits the orc knight with a +0 trident!!
The orc knight is engulfed in blazing flames.
Flame seeps out of the orc knight.
The orc knight hits you from afar with a +0 glaive!!
You die...

#.......#
**,,,o,**
#+++++#
##.....##
#.......#
#.......#
#..)....#
#...v§..#
#...v@§.#
#....§..#
#..o?o..#
#..o?○..#
#..???..#
#.......#
##..∩..##
#######


You could see 2 orc knights and a friendly orc knight (charmed).

Vanquished Creatures
  A troll (D:6)
  Prince Ribbit (D:6)
  Sigmund (D:6)
  Duvessa (D:5)
  4 orc warriors (Bailey)
  3 sky beasts
  A black bear (D:3)
  2 ice beasts
  2 necrophages
  3 ogres
  A phantom (D:6)
  A kobold brigand (Sewer)
  A gnoll sergeant (D:6)
  3 scorpions
  Dowan (D:5)
  3 wyvern zombies
  A water moccasin zombie (D:6)
  2 water moccasin skeletons
  2 howler monkeys
  A centaur zombie (D:6)
  3 bullfrog skeletons
  4 hounds
  A jelly (D:4)
  5 iguanas
  Crazy Yiuf (D:6)
  An orc wizard (D:4)
  A hound skeleton (D:5)
  7 gnolls
  2 howler monkey skeletons
  3 river rats (Sewer)
  10 adders
  A white imp (D:7)
  An ufetubus (D:4)
  An adder skeleton (D:4)
  4 worms
  3 dart slugs
  35 orcs
  9 ball pythons
  5 bats
  8 endoplasms
  7 giant cockroaches
  15 goblins
  8 hobgoblins
  7 jackals
  5 quokkas
  7 frilled lizards
  9 kobolds
  8 rats
206 creatures vanquished.

Vanquished Creatures (collateral kills)
  An orc knight (Bailey)
1 creature vanquished.

Vanquished Creatures (others)
  514 foxfires
514 creatures vanquished.

Grand Total: 721 creatures vanquished

Notes
Turn   | Place    | Note
-------+----------+-------------------------------------------
     0 | D:1      | Conn the Octopode Fire Elementalist began the quest for the
                  | Orb.
     0 | D:1      | Reached XP level 1. HP: 11/11 MP: 3/3
   156 | D:1      | Reached XP level 2. HP: 14/17 MP: 0/5
   340 | D:1      | Found Eklof's General Store.
   540 | D:1      | Reached XP level 3. HP: 21/21 MP: 1/6
  1117 | D:2      | Found a faded altar of an unknown god.
  1311 | D:2      | Reached XP level 4. HP: 27/27 MP: 4/7
  2098 | D:2      | Reached skill level 4 in Fire Magic
  2752 | D:3      | Reached XP level 5. HP: 31/31 MP: 7/9
  2776 | D:3      | Found a glowing drain.
  2787 | Sewer    | Entered a sewer
  2905 | Sewer    | Noticed a kobold brigand
  2914 | Sewer    | Killed a kobold brigand
  2915 | Sewer    | Reached XP level 6. HP: 36/36 MP: 0/10
  3018 | Sewer    | Found a white marble altar of Elyvilon.
  4199 | D:4      | Noticed a necrophage
  4231 | D:4      | Killed a necrophage
  4338 | D:4      | Reached XP level 7. HP: 41/41 MP: 12/12
  4347 | D:4      | Reached skill level 5 in Fire Magic
  4799 | D:3      | Learned a level 3 spell: Conjure Flame
  4803 | D:3      | Learned a level 3 spell: Inner Flame
  4808 | D:3      | Learned a level 4 spell: Flame Wave
  4879 | D:5      | Entered Level 5 of the Dungeon
  5150 | D:3      | Reached skill level 1 in Hexes
  5307 | D:4      | Identified the +6 spear "Kilukh" {protect, Str+5 Int+3}
  5593 | D:4      | Reached XP level 8. HP: 47/47 MP: 14/14
  5765 | D:5      | Reached skill level 1 in Polearms
  5766 | D:5      | Reached skill level 1 in Fighting
  5766 | D:5      | Reached skill level 5 in Stealth
  6012 | D:5      | HP: 1/48 [something (6)]
  6320 | D:5      | Reached skill level 6 in Fire Magic
  6676 | D:5      | Noticed Duvessa
  6676 | D:5      | Noticed Dowan
  6682 | D:5      | Killed Duvessa
  6689 | D:5      | Killed Dowan
  7201 | D:5      | Reached XP level 9. HP: 54/54 MP: 16/16
  7445 | D:6      | Found a shadowy altar of Dithmenos.
  7552 | D:6      | Reached skill level 7 in Fire Magic
  7644 | D:6      | Noticed a troll
  7705 | D:6      | Killed a troll
  7706 | D:6      | Reached skill level 5 in Spellcasting
  7884 | D:6      | Noticed Prince Ribbit
  7886 | D:6      | Noticed Sigmund
  7892 | D:6      | Killed Sigmund
  7895 | D:6      | Killed Prince Ribbit
  8326 | D:6      | Found a runed translucent door.
  8327 | D:6      | Noticed Crazy Yiuf
  8338 | D:6      | Killed Crazy Yiuf
  8339 | D:6      | Reached skill level 5 in Polearms
  8534 | D:7      | Found a staircase to the Ecumenical Temple.
  8543 | Temple   | Entered the Ecumenical Temple
  8697 | Temple   | Became a worshipper of Sif Muna the Loreminder
  8798 | D:7      | Reached XP level 10. HP: 52/63 MP: 1/18
  9033 | D:7      | Found a flagged portal.
  9048 | Bailey   | Entered a bailey
  9279 | Bailey   | Reached * piety under Sif Muna
  9280 | Bailey   | Reached skill level 8 in Fire Magic
  9401 | Bailey   | Reached XP level 11. HP: 75/75 MP: 19/19
  9459 | Bailey   | Noticed an orc knight
  9459 | Bailey   | Noticed an orc knight
  9460 | Bailey   | Noticed an orc knight
  9473 | Bailey   | Noticed an orc knight
  9473 | Bailey   | Noticed an orc knight
  9486 | Bailey   | Killed an orc knight
  9487 | Bailey   | Noticed an orc knight
  9487 | Bailey   | Noticed an orc knight
  9492 | Bailey   | Slain by an orc knight

Illustrated notes

Levels and vault maps discovered:
D:1:      heliophobic_arrival_dark_side_of_the_moon, layout_rooms, serial_shops,
          shop, minmay_vboxes
D:2:      layout_loops_corners, ebering_ecumenical_altar_box, kennysheep_boxes
D:3:      layout_loops_ring, serial_aquarium, aquarium_bridge_straight
          [aquarium_subvault_bridge, aquarium_subvault_window,
          aquarium_subvault_bridge, aquarium_subvault_balcony],
          aquarium_window_2, aquarium_window_fake, aquarium_window_corner,
          aquarium_view_2d, aquarium_view_2a, gup_sewer_entry_pipe,
          ebering_dispersal_statue_hall, minmay_fractal_squares_5
D:4:      layout_basic
D:5:      layout_basic, uniq_duvessa
D:6:      minmay_chambers_of_fours, layout_cave_pools, grunt_dithmenos_shadows,
          uniq_crazy_yiuf_cottage, uniq_prince_ribbit1, uniq_sigmund
D:7:      minmay_recursive_quarters, layout_rooms, minmay_temple_entry_waves,
          enter_bailey_3, hex_large, corexii_leaking_fountain, minmay_holes,
          minmay_three_doors
Temple:   nicolae_temple_figure_eight
Bailey:   bailey_polearm_5, bailey

Skill      XL: |  1  2  3  4  5  6  7  8  9 10 |
---------------+-------------------------------+-----
Stealth        | 3 4 5 6 |  6.1
Fire Magic     | 4 5 6 7 8 |  8.3
Spellcasting   | 3 4 5 |  5.7
Conjurations   | 2 3 4 |  4.3
Dodging        | 3 |  3.9
Hexes          | 1 2 3 4 |  4.0
Polearms       | 3 5 7 |  7.9
Fighting       | 2 3 7 |  7.2
Invocations    | 6 |  6.4
Unarmed Combat | |  0.4

Action                   |  1- 3 |  4- 6 |  7- 9 | 10-12 || total
-------------------------+-------+-------+-------+-------++-------
Melee: Unarmed           |     6 |       |       |       ||     6
       Constrict         |     7 |    12 |    19 |       ||    38
       Tentacles         |     2 |     3 |    19 |       ||    24
       Dagger            |    19 |    33 |     4 |       ||    56
       Spear             |       |       |   117 |    15 ||   132
 Cast: Foxfire           |    51 |   109 |   117 |    32 ||   309
       Inner Flame       |       |       |    17 |     9 ||    26
       Conjure Flame     |       |       |     4 |       ||     4
       Flame Wave        |       |       |       |     1 ||     1
Invok: Channel Magic     |       |       |       |     1 ||     1
Evoke: Wand              |       |       |       |     2 ||     2
  Use: Scroll            |       |       |     7 |    10 ||    17
       Potion            |       |       |     1 |     2 ||     3
 Stab: Sleeping          |     1 |     5 |    10 |       ||    16
       Distracted        |       |       |     1 |       ||     1
Armor: Skin              |     3 |     4 |    27 |     4 ||    38
Dodge: Dodged            |    21 |    30 |    80 |    17 ||   148

Table legend: (Time is in decaauts)
 A = Elapsed time spent in this place.
 B = Non-inter-level travel time spent in this place.
 C = Inter-level travel time spent in this place.
 D = Time resting spent in this place.
 E = Time spent auto-exploring this place.
 F = Levels seen in this place.
 G = Mean time per level.
                   A        B        C        D        E       F      G
               +--------+--------+--------+--------+--------+-----+--------+
         Total |   9489 |   9350 |    139 |    807 |   6299 |  10 |  948.9 |
       Dungeon |   8607 |   8485 |    122 |    574 |   5965 |   7 | 1229.6 |
        Temple |    171 |    154 |     17 |      0 |    145 |   1 |  171.0 |
         Sewer |    267 |    267 |      0 |      0 |    177 |   1 |  267.0 |
        Bailey |    443 |    443 |      0 |    233 |     12 |   1 |  443.0 |
               +--------+--------+--------+--------+--------+-----+--------+

Top non-repeatable levels by time:
     D:3: 1759 daAuts
     D:2: 1461 daAuts
     D:4: 1361 daAuts
     D:5: 1318 daAuts
     D:6: 1217 daAuts
     D:1: 1116 daAuts
  Bailey: 443 daAuts
     D:7: 372 daAuts
   Sewer: 267 daAuts
  Temple: 171 daAuts
